[Event "Chinese Championship-B Women 2024"]
[Site "Liaocheng"]
[Date "2024.04.25"]
[Round "10.7"]
[White "Gao, Muziyan"]
[Black "Wang, Xiaoyan"]
[Result "1/2-1/2"]
[ECO "E62"]
[WhiteElo "1891"]
[BlackElo "1932"]
[Annotator "TA"]
[PlyCount "105"]
[EventDate "2024.04.24"]
[EventType "swiss"]
[EventCountry "CHN"]
[SourceTitle "playchess.com"]
[Source "ChessBase"]
[SourceQuality "1"]
[TimeControl "5400+30"]

1. d4 Nf6 2. Nf3 g6 3. g3 Bg7 4. Bg2 O-O 5. O-O d6 6. c4 Nc6 7. Nc3 e5 8. d5 Na5 9. Qd3 b6 10. e4 Nb7 {[%emt 0:03:08] White is slightly better.} 11. a3 a5 12. Qc2 Bd7 13. b3 c6 (13... Nc5 $11) 14. dxc6 (14. Bg5 {with more complications.} cxd5 15. Nxd5 Nc5 16. Rad1) 14... Bxc6 15. Bb2 Nc5 16. Rfe1 Qc8 17. b4 axb4 18. axb4 Rxa1 19. Bxa1 Ne6 20. Qd3 Rd8 21. Bb2 h5 22. Bc1 Qb7 23. Bh3 Ng4 24. b5 Be8 25. Nd5 Nc5 26. Qd1 Ra8 $1 27. Nc3 Nf6 28. Ng5 Bd7 29. Bxd7 Qxd7 30. Be3 Bh6 31. h4 Rc8 (31... Ra3 $11 {remains equal.} 32. Bxc5 dxc5 33. Qxd7 (33. Nd5 Nxd5 34. exd5 Bxg5 $11) 33... Nxd7) 32. Bxc5 $1 $16 dxc5 {[%emt 0:01:24] [#]} (32... bxc5 $16 33. Nf3 Kg7) 33. Qxd7 $1 $18 ({Resist} 33. Nd5 $6 Nxd5 34. Qxd5 (34. exd5 Bxg5 35. hxg5 h4 $14) 34... Qxd5 35. exd5 Ra8) 33... Nxd7 34. Rd1 Rc7 35. Nf3 (35. Rd6 $18 {and White stays clearly on top. And now Nd5 would win.} Ra7 36. Nd5) 35... Ra7 $16 36. Kg2 Bf8 {[%emt 0:00:26] Dodges Rd6} 37. Rd3 {[%emt 0:01:16] White is more active.} f6 38. Kf1 Kf7 39. Ke2 Ke6 40. Ne1 Bh6 41. Nc2 Ra8 42. Nd5 {[%emt 0:00:52] Black must now prevent Nc7+.} Ra4 43. Ra3 Rxa3 ({But not} 43... Rxc4 44. Kd3 $16) 44. Nxa3 $14 {[%emt 0:00:01][%mdl 4096] Endgame. KBN-KNN} g5 {[%emt 0:03:06] [#]} (44... f5 $14) 45. Nb1 $1 $16 {[%emt 0:00:35] Excellent horsemanship.} gxh4 46. gxh4 f5 (46... Bf8 {was worth a try.} 47. Nbc3 Be7) 47. Kf3 $2 ({White should play} 47. Nbc3 $18) 47... Bg7 $2 (47... f4 $11 {and Black stays safe.}) 48. Nbc3 $2 ({Only move:} 48. Nc7+ $18 Kf7 49. exf5) 48... Bf6 49. Kg3 (49. Nc7+ $1 $14 Kf7 50. exf5) 49... f4+ $11 {[%emt 0:00:41] The position is equal.} 50. Kh3 Bd8 51. Ne2 Kf7 52. Nec3 Ke6 53. Ne2 {[%emt 0:00:04] Weighted Error Value: White=0.23 (precise) /Black=0.24 (precise) .  Loses game:     	---       	Black=1      Missed win:     	White=2     	---        Mistake:       	White=2     	Black=5      Inaccurate:     	White=4     	Black=5      OK:         	White=10    	Black=12     Best:        	White=1     	Black=4      Strong:       	White=3     	Black=1} 1/2-1/2

[Event "Chinese Championship-B Women 2024"]
[Site "Liaocheng"]
[Date "2024.04.25"]
[Round "10.8"]
[White "Men, Jiayi"]
[Black "Shao, Qiyu"]
[Result "1/2-1/2"]
[ECO "A43"]
[WhiteElo "1845"]
[BlackElo "1764"]
[Annotator "NA RC"]
[PlyCount "113"]
[EventDate "2024.04.24"]
[EventType "swiss"]
[EventCountry "CHN"]
[SourceTitle "playchess.com"]
[Source "ChessBase"]
[SourceQuality "1"]
[TimeControl "5400+30"]

1. Nf3 c5 2. g3 d5 3. d4 cxd4 4. Nxd4 e5 5. Nb3 Nc6 6. Bg2 Be6 7. O-O Nf6 8. Bg5 Be7 {[%emt 0:02:30] A43: Schmid Benoni.} 9. c3 (9. Bxf6 $11 gxf6 (9... Bxf6 10. c4 $11) 10. Nc3) 9... Qd6 10. Bxf6 Bxf6 11. e4 d4 12. cxd4 exd4 13. f4 Qb4 14. e5 Be7 15. f5 Bxb3 16. Qxb3 Qxb3 17. axb3 O-O 18. Bxc6 bxc6 19. Nd2 Rfb8 20. Ra6 c5 21. Rfa1 Rb7 22. Kf1 h6 {[%emt 0:00:54] [#]} 23. h4 ({White should try} 23. Nc4 $1 $16) 23... Bd8 24. Ke2 Bc7 25. Nc4 Rxb3 26. Rxa7 Rxa7 27. Rxa7 Bxe5 28. g4 d3+ 29. Ke3 Bxb2 30. Nxb2 Rxb2 31. Kxd3 Rb4 32. g5 $1 hxg5 33. hxg5 Rg4 34. Rc7 Rxg5 35. Rxc5 Rg4 36. Ke3 Kf8 37. Rc7 Ke8 38. Ra7 Rg1 39. Kf4 Rd1 40. Kg5 Rd7 41. Ra6 Rc7 42. Rb6 Kd7 43. Ra6 Rb7 44. Ra8 Ke7 45. Rg8 Rb1 46. Rxg7 Rh1 47. Kf4 Kf6 48. Rg4 Rf1+ 49. Ke4 Re1+ (49... Rxf5 $5 50. Rf4 $8 Rxf4+ 51. Kxf4 Kg6 $11) 50. Kf4 Ra1 51. Kf3 Ra3+ 52. Ke4 Ra5 53. Rf4 Re5+ 54. Kf3 Kg5 55. Rg4+ $11 Kxf5 56. Rf4+ Kg5 57. Rxf7 1/2-1/2

[Event "Chinese Championship-B Women 2024"]
[Site "Liaocheng"]
[Date "2024.04.25"]
[Round "10.9"]
[White "Wu, Shuang(Hlj)"]
[Black "Xu, Mingwei"]
[Result "1/2-1/2"]
[ECO "D04"]
[WhiteElo "1701"]
[BlackElo "2037"]
[Annotator "TA"]
[PlyCount "119"]
[EventDate "2024.04.24"]
[EventType "swiss"]
[EventCountry "CHN"]
[SourceTitle "playchess.com"]
[Source "ChessBase"]
[SourceQuality "1"]
[TimeControl "5400+30"]

1. Nf3 Nf6 2. e3 d5 3. d4 c5 4. b3 cxd4 5. exd4 Nc6 6. Bb2 Bg4 7. Be2 e6 8. Nbd2 Bd6 9. O-O O-O 10. Ne5 Bf5 11. Ndf3 Rc8 12. Nxc6 Rxc6 13. c4 Ne4 14. c5 Bb8 15. b4 a6 16. a4 Rc8 17. b5 axb5 18. Bxb5 (18. axb5 $5 Qf6 19. Ra2 $11) 18... Qc7 19. g3 Bg4 20. Be2 $1 f5 21. Ne5 {[%emt 0:04:11] Prevents Qf7} Bh3 22. Re1 f4 23. Bf3 (23. f3 $5 fxg3 24. fxe4 $15) 23... fxg3 24. fxg3 (24. hxg3 $11 Qd8 25. Bxe4 dxe4 26. Qh5 (26. Rxe4 Qd5 $11)) 24... Ng5 $17 25. Bg2 Qe7 (25... Bxg2 $17 26. Kxg2 Ne4) 26. Bc1 $11 {[%emt 0:03:53] And now Bxg5 would win.} Bf5 (26... Qf6 $11 27. Nd3 Nf3+ (27... Qxd4+ $2 {loses.} 28. Be3 $18) 28. Bxf3 (28. Qxf3 Qxf3 29. Bxf3 Rxf3 $11) 28... Qxf3 29. Qxf3 Rxf3) 27. Bxg5 $14 Qxg5 28. Nd7 Rf7 29. Nxb8 Rxb8 30. Qe2 Rbf8 31. Rf1 (31. Qe3 $14 {is more appropriate.} Qg6 32. a5) 31... h6 ({Better is} 31... Bg4 $11 32. Qe1 Rxf1+ 33. Bxf1 h5) 32. a5 (32. Rf4 $14) 32... Qg6 (32... h5 $11) 33. Qe5 {[%emt 0:01:22] White is more active.} Qg5 34. Rf4 Qf6 (34... Qg6 $14) 35. Qxf6 $16 gxf6 {[%emt 0:01:25][%mdl 8192] [#]} (35... Rxf6 $16 {is more resistant.} 36. Rf3 g5) 36. Rxf5 $1 $18 exf5 37. Bxd5 {[%emt 0:00:06][%cal Oa1b1] Black must now prevent Rb1!} Rd8 38. Bxf7+ Kxf7 {[%emt 0:00:01][%mdl 4096] Endgame. [#] KR-KR} 39. c6 $1 bxc6 40. a6 Ke6 41. Kf2 Kd5 42. a7 Ra8 43. Ke3 {[%emt 0:00:04] Hoping for Ra4.} Kc4 44. Kf4 $2 (44. Ra2 $18) 44... Kxd4 $14 45. Kxf5 ({White should try} 45. Ra4+ $14 Kc3 46. Kxf5) 45... c5 $11 {[%emt 0:00:39][%cal Bc6c5,Bc5c4,Bc4c3,Bc3c2][%mdl 32] The position is equal.} 46. Kxf6 (46. Ke6 $5 c4 $8 47. Kd7 $11 (47. Kxf6 c3 $11)) 46... c4 47. Kg6 c3 48. Kxh6 {[%emt 0:00:22] aiming for g4.} c2 49. Rc1 Kd3 50. g4 {[%emt 0:00:06][%cal Bg3g4,Bg4g5,Bg5g6,Bg6g7][%mdl 32] g5 is the strong threat.} Rxa7 51. g5 Ra8 52. Kh7 Ra4 53. g6 {[%emt 0:00:38] Strongly threatening g7.} Rh4+ 54. Kg8 Rxh2 55. g7 Kd2 56. Rxc2+ Kxc2 57. Kf8 Rf2+ 58. Ke7 Re2+ 59. Kf8 Rf2+ 60. Ke7 {[%emt 0:00:05] White really could win this.   Weighted Error Value: White=0.20 (precise) /Black=0.22 (precise) .  Loses game:     	---       	Black=1      Missed win:     	White=1     	---        Mistake:       	White=4     	Black=5      Inaccurate:     	White=5     	Black=1      OK:         	White=31    	Black=13     Best:        	White=3     	Black=7      Strong:       	White=1     	---} 1/2-1/2

[Event "Chinese Championship-B Women 2024"]
[Site "Liaocheng"]
[Date "2024.04.25"]
[Round "10.10"]
[White "Pi, Aiying"]
[Black "Cui, Wen"]
[Result "0-1"]
[ECO "C99"]
[WhiteElo "1617"]
[BlackElo "1825"]
[Annotator "NA RC"]
[PlyCount "98"]
[EventDate "2024.04.24"]
[EventType "swiss"]
[EventCountry "CHN"]
[SourceTitle "playchess.com"]
[Source "ChessBase"]
[SourceQuality "1"]
[TimeControl "5400+30"]

1. e4 e5 2. Nf3 Nc6 3. Bb5 a6 4. Ba4 Nf6 5. O-O Be7 6. Re1 b5 7. Bb3 d6 8. c3 O-O 9. h3 Na5 10. Bc2 c5 11. d4 Qc7 12. Nbd2 cxd4 13. cxd4 Bd7 14. Nf1 Rfe8 15. d5 Rec8 16. Bd3 Nb7 {[%emt 0:01:46] C99: Closed Ruy Lopez: Chigorin Defence: 11 d4 Qc7 12 Nbd2 cxd4.} 17. Bd2 Nc5 18. Rc1 Qb7 19. Bb1 b4 20. b3 a5 21. g4 Qa6 22. Ng3 Nd3 23. Bxd3 Qxd3 24. Bg5 Qxd1 25. Rexd1 g6 26. Bxf6 $17 (26. Be3 $11) 26... Bxf6 27. Nf1 Bb5 28. Kg2 Bd8 29. Ne3 Bb6 30. Nd2 Bxe3 31. fxe3 Rc3 32. Rxc3 bxc3 33. Nf3 c2 34. Rc1 Bd3 35. Nd2 a4 36. Kf3 axb3 37. axb3 Rb8 38. g5 Kf8 39. h4 Ke7 40. Ra1 Rb7 41. Kf2 Kd7 42. Kf3 Kc7 43. Rc1 Rb4 44. Kf2 Kb7 45. Kf3 Ka6 46. Ra1+ Kb5 47. Rc1 Kc5 48. Ra1 Rb7 49. Kf2 Kb4 0-1

[Event "Chinese Championship-B Women 2024"]
[Site "Liaocheng"]
[Date "2024.04.25"]
[Round "10.11"]
[White "Xue, Shixuan"]
[Black "Zheng, Qingyu"]
[Result "1/2-1/2"]
[ECO "B19"]
[WhiteElo "1790"]
[BlackElo "1547"]
[Annotator "NA RC"]
[PlyCount "103"]
[EventDate "2024.04.24"]
[EventType "swiss"]
[EventCountry "CHN"]
[SourceTitle "playchess.com"]
[Source "ChessBase"]
[SourceQuality "1"]
[TimeControl "5400+30"]

1. e4 c6 2. d4 d5 3. Nc3 dxe4 4. Nxe4 Bf5 5. Ng3 Bg6 6. h4 h6 7. Nf3 Nd7 8. Bf4 Ngf6 9. Bd3 Bxd3 10. Qxd3 e6 11. O-O-O Nd5 12. Qd2 Qf6 13. Bg5 Qg6 14. h5 Qh7 15. Bh4 Be7 16. Ne5 Bxh4 17. Rxh4 Nxe5 18. dxe5 O-O-O 19. Ne4 g5 20. hxg6 Qxg6 21. Nd6+ Kb8 22. g3 f6 23. c4 fxe5 24. c5 Rd7 25. Rdh1 Rdh7 26. Rh5 e4 27. Re5 e3 28. fxe3 Qxg3 29. Rxe6 Nc7 30. Re4 Qg5 31. Qc3 Nd5 32. Qd4 Rf8 33. a3 Qg2 34. Rd1 Qg7 35. Qxg7 Rxg7 36. Re6 h5 37. Rh1 Rh7 38. Rh4 a6 39. Re5 Nf6 40. Rf5 Rhh8 41. e4 Nd7 42. Rhxh5 Rxh5 43. Rxh5 Kc7 44. b4 b6 45. Rh7 bxc5 46. bxc5 Kd8 47. Nb7+ Kc8 48. Nd6+ Kd8 49. Kd2 Nxc5 50. Ke3 Nd7 51. Nf5 Re8 52. Kf4 1/2-1/2

[Event "Chinese Championship-B Women 2024"]
[Site "Liaocheng"]
[Date "2024.04.25"]
[Round "10.12"]
[White "Wu, Ruoyi"]
[Black "Peng, Jingyi(Gd)"]
[Result "0-1"]
[ECO "D05"]
[WhiteElo "1604"]
[BlackElo "1725"]
[Annotator "NA RC"]
[PlyCount "154"]
[EventDate "2024.04.24"]
[EventType "swiss"]
[EventCountry "CHN"]
[SourceTitle "playchess.com"]
[Source "ChessBase"]
[SourceQuality "1"]
[TimeControl "5400+30"]

1. d4 Nf6 2. Nf3 c5 3. e3 d5 4. c3 Bg4 5. Nbd2 e6 6. Bd3 Nc6 7. O-O Bd6 8. h3 Bh5 9. dxc5 Bxc5 10. b3 O-O 11. Bb2 Qe7 12. c4 Rfd8 13. g4 dxc4 14. Bxc4 Bg6 15. a3 h5 16. b4 Bb6 17. Bxf6 Qxf6 18. Qb3 Ne5 19. Nxe5 Qxe5 20. Nf3 Qf6 21. Nh2 hxg4 22. hxg4 Qh4 23. Ra2 Bc7 24. f3 Kh7 25. Qb2 Rac8 26. Rc1 b5 27. Bf1 Be5 28. Rxc8 Bxb2 29. Rxd8 Qxd8 30. Rxb2 Qd1 31. Kg2 Qa1 32. Rf2 Qxa3 33. Bxb5 Qxe3 34. Be2 Qb3 35. b5 Bd3 36. Bxd3+ Qxd3 37. Ra2 Qd4 38. Nf1 Qb6 39. Ng3 f5 40. gxf5 exf5 41. Ra4 Kg8 42. Ra2 Kf8 43. Ra4 Qb7 44. Rf4 g6 45. Ra4 Ke8 46. Ra6 Kd8 47. Rxg6 Qxb5 48. Rg8+ Kc7 49. Rg7+ Kb6 50. Rg6+ Ka5 51. Rg5 Ka4 52. Rxf5 Qb2+ 53. Kh3 Qh8+ 54. Kg4 a5 55. f4 Kb4 56. Rh5 Qc8+ 57. f5 a4 58. Kg5 a3 59. f6 Qc1+ 60. Kg6 a2 61. f7 Qc6+ 62. Kh7 Qc7 63. Rf5 a1=Q 64. Nh5 Qb1 65. Kg6 Qxf7+ 66. Kxf7 Qxf5+ 67. Nf6 Kc5 68. Ke7 Kc6 69. Kf7 Kd6 70. Kg7 Ke6 71. Nh7 Qf7+ 72. Kh6 Kf5 73. Nf8 Qxf8+ 74. Kh7 Qf7+ 75. Kh8 Qe7 76. Kg8 Kg6 77. Kh8 Qg7# 0-1

[Event "Chinese Championship-B Women 2024"]
[Site "Liaocheng"]
[Date "2024.04.25"]
[Round "10.13"]
[White "Liu, Youyin"]
[Black "Lou, Yuxin"]
[Result "1/2-1/2"]
[ECO "C01"]
[WhiteElo "1840"]
[BlackElo "1706"]
[Annotator "NA RC"]
[PlyCount "172"]
[EventDate "2024.04.24"]
[EventType "swiss"]
[EventCountry "CHN"]
[SourceTitle "playchess.com"]
[Source "ChessBase"]
[SourceQuality "1"]
[TimeControl "5400+30"]

1. e4 c5 2. Nf3 Nc6 3. c3 e6 4. d4 d5 5. exd5 exd5 6. dxc5 Bxc5 7. Bd3 Nf6 8. O-O O-O 9. Bg5 Bg4 10. Nbd2 h6 {[%emt 0:02:34] C01: French: Exchange Variation.} 11. Bh4 Ne5 12. Be2 Ng6 13. Nb3 Nxh4 14. Nxc5 Ng6 15. h3 Bxf3 16. Bxf3 Qb6 17. Nb3 Rad8 18. Qd4 Qxd4 19. Nxd4 Ne5 20. Rfe1 Nd3 21. Re7 Rb8 22. Rd1 Nxb2 23. Rb1 Na4 $11 24. Rexb7 Rbc8 25. Rxa7 Nxc3 26. Rbb7 Rb8 27. Rc7 Nb5 28. Nxb5 Rxb5 29. a4 Rb1+ 30. Kh2 d4 31. Rc4 Rd8 32. Ra8 Rxa8 33. Bxa8 d3 34. Rd4 Ra1 35. Bc6 Ra2 36. Kg3 d2 37. Kf3 Rc2 38. Bb5 Kf8 39. Ke3 Ke7 40. Rxd2 Rc3+ 41. Kd4 Ra3 42. Kc4 Ke6 43. Kb4 Ra1 44. Ka5 g5 45. Ka6 Ke5 46. a5 Nd5 47. Bc4 Nb4+ 48. Kb5 Rb1 49. Bxf7 Nd3+ 50. Kc6 Rc1+ 51. Kb6 Rb1+ 52. Ka7 Nb4 53. Kb6 Nd5+ 54. Kc6 Rc1+ 55. Kb5 Rb1+ 56. Kc4 Rc1+ 57. Kb3 Nc7 58. Rc2 Rb1+ 59. Ka2 Rb7 60. Re2+ $2 (60. Rc5+ $18 {is more deadly.} Kd4 61. Rc6) 60... Kf6 61. Bc4 Rb4 62. Bb3 Rb5 63. Kb2 Rxa5 64. Rc2 Nd5 65. Rc6+ Kg7 66. g3 Ne7 67. Re6 Nf5 68. Kc3 Rb5 69. Bc4 Rb7 70. Bd3 Rc7+ 71. Kd2 Ne7 72. Ke2 Ng8 73. Rd6 Nf6 74. Kf3 Rd7 75. Rxd7+ Nxd7 76. Ke4 Kf6 77. f4 Nc5+ 78. Ke3 Ne6 79. f5 Nc5 80. g4 Ke5 81. Bc2 Nd7 82. Bb3 Nf6 83. Be6 h5 84. gxh5 Nxh5 85. Kf3 Kf6 86. Kg4 Nf4 1/2-1/2

[Event "Chinese Championship-B Women 2024"]
[Site "Liaocheng"]
[Date "2024.04.25"]
[Round "10.14"]
[White "Zhu, Zile"]
[Black "Peng, Shiyang"]
[Result "1/2-1/2"]
[ECO "A30"]
[WhiteElo "1819"]
[BlackElo "1661"]
[Annotator "NA RC"]
[PlyCount "64"]
[EventDate "2024.04.24"]
[EventType "swiss"]
[EventCountry "CHN"]
[SourceTitle "playchess.com"]
[Source "ChessBase"]
[SourceQuality "1"]
[TimeControl "5400+30"]

1. Nf3 Nf6 2. c4 e6 3. g3 b6 4. Bg2 Bb7 5. O-O c5 6. Nc3 Be7 7. Re1 Ne4 8. Nxe4 Bxe4 9. d3 Bb7 10. e4 {[%emt 0:00:33] A30: Symmetrical English: Double Fianchetto and Hedgehog.} d6 11. Bd2 Nd7 12. Bc3 Bf6 13. Qc2 O-O 14. Rad1 Rc8 15. Bxf6 Nxf6 16. Nd2 Qc7 17. Nb1 d5 18. e5 Nd7 19. f4 Rfd8 20. Nc3 Nf8 21. Qe2 a6 22. b3 h6 23. Bf3 Bc6 24. Qf2 $11 Qe7 25. Bg4 d4 26. Nb1 Qc7 27. Bf3 Ng6 28. Be4 Ne7 29. g4 Rf8 30. Qh4 Bxe4 31. Rxe4 b5 32. Nd2 Rb8 1/2-1/2

[Event "Chinese Championship-B Women 2024"]
[Site "Liaocheng"]
[Date "2024.04.25"]
[Round "10.15"]
[White "Wang, Jingyan"]
[Black "He, Yixuan"]
[Result "0-1"]
[ECO "D02"]
[WhiteElo "1632"]
[BlackElo "1812"]
[Annotator "NA RC"]
[PlyCount "90"]
[EventDate "2024.04.24"]
[EventType "swiss"]
[EventCountry "CHN"]
[SourceTitle "playchess.com"]
[Source "ChessBase"]
[SourceQuality "1"]
[TimeControl "5400+30"]

1. d4 d5 2. Bf4 Nf6 3. e3 e6 4. Nf3 c5 5. c3 Nc6 6. Bd3 c4 7. Bc2 {[%emt 0:00:26] D02: 1 d4 d5 2 Nf3 sidelines, including 2...Nf6 3 g3 and 2...Nf6 3 Bf4.} Be7 8. Nbd2 O-O 9. O-O b5 10. Ne5 Bb7 11. Nxc6 (11. Qf3 $14 {was preferrable.}) 11... Bxc6 12. Be5 Re8 13. Bxf6 Bxf6 14. f4 g6 15. Nf3 Bd7 16. Ne5 Rb8 17. a3 a5 18. e4 Rb6 19. Nxd7 Qxd7 20. e5 Bg7 21. Qg4 Reb8 22. Qf3 b4 23. cxb4 axb4 24. b3 bxa3 25. bxc4 dxc4 26. Qc3 $2 (26. Rxa3 Bf8 (26... Qxd4+ $2 27. Qe3 $19) 27. Re3) 26... Bf8 27. Rfd1 $19 Qd5 28. Rdb1 Bb4 29. Qe3 Qa5 30. Qc1 a2 31. Rb2 Bd2 32. Rxb6 Rxb6 33. Qf1 Be3+ 34. Kh1 Bxd4 35. Qd1 Rb2 36. h3 Rxc2 37. Qxd4 Qd2 38. Qe4 Rc1+ 39. Rxc1 Qxc1+ 40. Kh2 a1=Q 41. Qb7 Qg1+ 42. Kg3 Qc3+ 43. Kh4 Qf2+ 44. Kg5 Qcg3+ 45. Kf6 Qh4# 0-1

[Event "Chinese Championship-B Women 2024"]
[Site "Liaocheng"]
[Date "2024.04.26"]
[Round "11.1"]
[White "Hu, Yu A."]
[Black "Wang, Chuqiao"]
[Result "1-0"]
[ECO "C28"]
[WhiteElo "2148"]
[BlackElo "2302"]
[Annotator "TA"]
[PlyCount "77"]
[EventDate "2024.04.24"]
[EventType "swiss"]
[EventCountry "CHN"]
[SourceTitle "playchess.com"]
[Source "ChessBase"]
[SourceQuality "1"]
[TimeControl "5400+30"]

1. e4 e5 2. Bc4 Nf6 3. d3 Bc5 4. Nc3 Nc6 5. Bg5 h6 6. Bh4 g5 7. Bg3 d6 8. h4 {[%emt 0:01:18] aiming for hxg5.} Bg4 {[%emt 0:07:54] [#]} (8... Rg8 $14) 9. f3 $1 $16 {[%emt 0:04:34][%cal Bf2f3,Bf3g4][%mdl 32] hxg5 would now be deadly. White is better.} Nh5 $2 (9... Be6 $16 {was worth a try.}) 10. fxg4 $18 Nxg3 {[%emt 0:00:13] [#]} 11. Qf3 $1 Rh7 (11... f5 12. Qxg3) 12. Qxg3 gxh4 13. Qh3 ({Weaker is} 13. Qxh4 Qxh4+ 14. Rxh4 Bxg1 $18) 13... Qg5 14. Nge2 (14. Qxh4 Qxh4+ 15. Rxh4 Bxg1 $18) 14... Nb4 15. Bb3 ({Worse is} 15. Qxh4 Nxc2+ 16. Kd1 Qxh4 17. Rxh4 Nxa1 $11) 15... Be3 16. Qxh4 Bd2+ 17. Kd1 O-O-O 18. Qxg5 Bxg5 19. Nd5 Nc6 20. c3 Rdh8 21. Ng3 Nd8 22. Ke2 Ne6 23. Nh5 c6 24. Ne3 Rg8 25. Nf5 Kc7 26. Rad1 Rg6 27. d4 {[%emt 0:01:16] White is clearly winning.} Nf8 28. dxe5 dxe5 29. Rhf1 Nd7 30. Nfg3 Bf4 (30... Nf6 $142 31. Rf5 (31. Nxf6 Bxf6 32. Kf3 Bg5 $18) 31... Nxh5) 31. Nxf4 exf4 32. Rxf4 Ne5 33. Rdf1 Rhg7 34. Nh5 Rh7 35. Nf6 Rh8 36. Rf5 Nxg4 37. Bxf7 Rxf6 38. Rxf6 Nxf6 39. Rxf6 {[%emt 0:00:08] White took control after the opening.   Weighted Error Value: White=0.25 (precise) /Black=0.56.  Loses game:     	---       	Black=1      Mistake:       	---       	Black=2      Inaccurate:     	---       	Black=1      OK:         	White=8     	Black=4      Best:        	White=1     	---        Strong:       	White=2     	---} 1-0

[Event "Chinese Championship-B Women 2024"]
[Site "Liaocheng"]
[Date "2024.04.26"]
[Round "11.2"]
[White "Zhou, Shumeng"]
[Black "Zhao, Yunqing"]
[Result "1-0"]
[ECO "B47"]
[WhiteElo "1800"]
[BlackElo "1965"]
[Annotator "TA"]
[PlyCount "45"]
[EventDate "2024.04.24"]
[EventType "swiss"]
[EventCountry "CHN"]
[SourceTitle "playchess.com"]
[Source "ChessBase"]
[SourceQuality "1"]
[TimeControl "5400+30"]

1. e4 c5 2. Nf3 e6 3. d4 cxd4 4. Nxd4 Nc6 5. Nc3 Qc7 6. Be2 a6 7. Nxc6 dxc6 8. O-O e5 9. f4 {[%emt 0:00:33] White has an edge.} Bc5+ 10. Kh1 Bd4 11. Qd3 Nf6 12. Qg3 {[%emt 0:12:46] Prevents Bg4} Rg8 (12... Kf8 $11) 13. Bf3 Nd7 ({Black should play} 13... Be6 $14) 14. Rd1 $16 f6 (14... a5 $16 {might work better.} 15. f5 Ba7) 15. Ne2 exf4 $2 {[%emt 0:04:48] [#]} (15... Bc5 16. b4 Bb6) 16. Bh5+ $18 (16. Bxf4 Be5 $16) (16. Qxf4 Qxf4 17. Nxf4 Ba7 $11) (16. Nxf4 Qe5 17. Qh4 Nf8 $14) 16... g6 17. Qb3 ({Worse is} 17. Bxf4 Be5 $14) ({Weaker is} 17. Nxf4 Qe5 $16) (17. Qxf4 $2 Be5 18. Qh6 (18. Qg4 $2 Nc5 $19) 18... gxh5 $19) 17... Rh8 $2 (17... Be5 18. Qxg8+ Nf8) 18. Nxd4 (18. Nxf4 Qe5 $16) 18... gxh5 19. Qe6+ Kf8 20. Nf3 {[%emt 0:01:12] Prevents Qe5} Rg8 21. Qf5 Kg7 (21... Qd8 $142 22. Bxf4 Kg7) 22. Bxf4 Ne5 23. Qxh5 {[%emt 0:01:01] Weighted Error Value: White=0.60/Black=0.83.  Mistake:       	---       	Black=6      Inaccurate:     	White=3     	---        OK:         	White=6     	Black=3      Best:        	White=3     	Black=2} 1-0

[Event "Chinese Championship-B Women 2024"]
[Site "Liaocheng"]
[Date "2024.04.26"]
[Round "11.3"]
[White "Du, Yuxin"]
[Black "Jiang, Tianyu"]
[Result "1-0"]
[ECO "C02"]
[WhiteElo "1960"]
[BlackElo "1929"]
[Annotator "RC"]
[PlyCount "111"]
[EventDate "2024.04.24"]
[EventType "swiss"]
[EventCountry "CHN"]
[SourceTitle "playchess.com"]
[Source "ChessBase"]
[SourceQuality "1"]
[TimeControl "5400+30"]

1. e4 c5 2. Nf3 e6 3. c3 d5 4. e5 Nc6 5. d4 Bd7 6. a3 c4 7. Bf4 Nge7 8. h4 h6 9. h5 Qb6 10. Qc2 O-O-O 11. Nbd2 Na5 12. Rb1 Kb8 13. Be2 Ka8 14. O-O g5 15. Bh2 Bg7 16. g4 Rdf8 17. Bd1 Nec6 18. Re1 Re8 19. Bg3 Qd8 20. b4 cxb3 21. Qd3 Bf8 22. a4 Qc7 23. Bxb3 Nxb3 24. Nxb3 Rc8 25. Rec1 Ba3 26. Rd1 Be7 27. Nfd2 Na5 28. Nxa5 Qxa5 29. c4 Qa6 30. Rdc1 dxc4 31. Qf3 c3 32. Rxc3 Rxc3 33. Qxc3 Bc6 34. a5 Qe2 35. f3 Rd8 36. Bf2 Bf8 37. a6 Qxa6 38. Ra1 Ba4 39. Qc7 Rb8 40. Qxf7 Qc6 41. Ne4 a6 42. Kg2 Bb3 43. Nf6 Bb4 44. Rb1 Qc2 45. Rg1 Bc3 46. Kg3 Bd2 47. Nd7 Bf4+ 48. Kg2 Qc7 49. d5 b5 50. d6 Qc2 51. Re1 Rd8 52. Nb6+ Kb8 53. Qe7 Rh8 54. Nd7+ Kb7 55. Nc5+ Kc6 56. Qb7# 1-0

[Event "Chinese Championship-B Women 2024"]
[Site "Liaocheng"]
[Date "2024.04.26"]
[Round "11.4"]
[White "Yang, Yijing"]
[Black "Guo, Weibao"]
[Result "1-0"]
[ECO "A13"]
[WhiteElo "2040"]
[BlackElo "1954"]
[Annotator "TA"]
[PlyCount "65"]
[EventDate "2024.04.24"]
[EventType "swiss"]
[EventCountry "CHN"]
[SourceTitle "playchess.com"]
[Source "ChessBase"]
[SourceQuality "1"]
[TimeControl "5400+30"]

1. c4 e6 2. Nf3 Nf6 3. b3 d5 4. e3 c5 5. Bb2 Nc6 6. cxd5 exd5 7. Bb5 Bd6 8. d4 O-O 9. dxc5 Bxc5 {[%emt 0:03:25] White must now prevent ...Qa5+.} 10. O-O {[%emt 0:00:21] White has an edge.} Bg4 11. h3 Bh5 12. Nc3 a6 13. Be2 Ba7 14. Rc1 Qd7 15. Na4 Ne4 16. Ne5 Nxe5 17. Bxh5 Nc6 18. Bf3 {[%emt 0:05:57] Bxe4 is the strong threat.} Qf5 19. Nc3 Nxc3 20. Bxc3 {[%emt 0:01:09] A strong pair of Bishops.} Rad8 21. Qc2 Qg5 22. Rcd1 Rd6 23. Rd2 Rfd8 24. Rfd1 h6 (24... d4 $142) 25. Qb2 (25. h4 $142 $1 Qxh4 26. Bxd5 (26. Rxd5 Bb8 $16)) 25... b5 26. b4 (26. h4 $142 Qf5 27. Bxg7) 26... Ne7 27. Be5 Rg6 28. Bf4 (28. Bxd5 $2 {is the wrong capture.} Rxd5 29. Bg3 Rxd2 30. Qxd2 Bxe3 31. Qxe3 Qxe3 32. Rd8+ Kh7 33. fxe3 Rxg3 $19) 28... Qf5 29. Bg4 Qe4 {[%emt 0:00:34][%mdl 8192] [#] This costs Black the game.} (29... Qf6 $16) 30. Rd4 $1 $18 {[%emt 0:00:13][%mdl 512] White is clearly winning.} Bxd4 31. Rxd4 Rc6 32. Rxe4 dxe4 33. Qe5 {[%emt 0:00:11] Weighted Error Value: White=0.07 (flawless) /Black=0.33.  Loses game:     	---       	Black=1      Mistake:       	White=2     	Black=1      Inaccurate:     	White=1     	Black=3      OK:         	White=13    	Black=8      Best:        	White=1     	---        Brilliant:      	White=1     	---} 1-0